 Dungeon Crawl Stone Soup version 0.19.1-1-g22dce08 (webtiles) character file.

1781 Gargoyl the Chopper (level 9, -1/74 HPs)
             Began as a Ghoul Abyssal Knight on Jan 14, 2017.
             Was a Priest of Lugonu.
             Killed by divine providence
             ... invoked by an orc priest
              (10 damage)
             ... on level 7 of the Dungeon.
             The game lasted 00:13:45 (5695 turns).

Gargoyl the Chopper (Ghoul Abyssal Knight)          Turns: 5695, Time: 00:13:47

Health: -1/74      AC: 15    Str: 16    XL:     9   Next: 8%
Magic:  11/11      EV:  1    Int:  7    God:    Lugonu [***...]
Gold:   349        SH: 15    Dex: 11    Spells: 0 memorised, 8 levels left

rFire  . . .     SeeInvis .     h - +2 war axe
rCold  + . .     Gourm    .     y - +0 plate armour
rNeg   + + +     Faith    .     z - +0 large shield
rPois  ∞         Spirit   .     t - +0 helmet
rElec  .         Reflect  +     (no cloak)
rCorr  +         Harm     .     (no gloves)
MR     +....                    v - +0 pair of boots
Stlth  ..........               g - +3 amulet of reflection
                                n - ring of protection from magic
                                e - ring of resist corrosion

@: rotting
A: rotting body, claws 1, carnivore 3, cold resistance 1, negative energy
resistance 3, slow regeneration 1, torment resistance, unbreathing
a: Depart the Abyss, Bend Space, Banish, Renounce Religion


You were on level 7 of the Dungeon.
You worshipped Lugonu.
Lugonu was most pleased with you.
You were not hungry.

You visited 1 branch of the dungeon, and saw 7 of its levels.
You visited the Abyss 1 time.

You collected 349 gold pieces.

Inventory:

Hand Weapons
 a - a +1 hand axe
 h - a +2 war axe (weapon)
 s - a +1 trident of protection
Missiles
 u - 3 tomahawks (quivered)
Armour
 t - a +0 helmet (worn)
 v - a +0 pair of boots (worn)
 y - a +0 plate armour (worn)
 z - a +0 large shield (worn)
Jewellery
 e - a ring of resist corrosion (left claw)
 f - an uncursed ring of flight
 g - a +3 amulet of reflection (around neck)
 n - a ring of protection from magic (right claw)
 x - an uncursed ring of see invisible
Wands
 j - a wand of enslavement (7/24)
 m - a wand of flame (44/48)
Scrolls
 b - a scroll of blinking
 d - 2 scrolls of fear
 k - a scroll of identify
 l - 3 scrolls of remove curse
 q - a scroll of amnesia
 w - a scroll of enchant armour
Potions
 o - 2 potions of brilliance
 p - a potion of flight
 B - a potion of beneficial mutation {unknown}
Books
 r - a book of Misfortune

   Spells                             Type                      Level
   a - Confusing Touch                Hexes                        1
   b - Confuse                        Hexes                        3
   c - Gell's Gravitas                Hexes/Translocation          3
   d - Petrify                        Transmutation/Earth          4
   e - Metabolic Englaciation         Hexes/Ice                    5
   f - Yara's Violent Unravelling     Hexes/Transmutation          5
Comestibles
 c - 4 meat rations
 i - 3 beef jerkies


   Skills:
 + Level 5.5 Fighting
 + Level 6.3 Axes
 * Level 6.1 Armour
 + Level 1.3 Dodging
 + Level 2.0 Shields
 * Level 5.1 Invocations


You had 8 spell levels left.
You didn't know any spells.

Dungeon Overview and Level Annotations

Branches:
Dungeon (7/15)             Temple (0/1) D:6

Altars:
Cheibriados
Trog
Vehumet

Shops:
D:6 (


Innate Abilities, Weirdness & Mutations

Your body is rotting away.
You thrive on raw meat.
You are immune to poison.
You have sharp fingernails.
You are carnivorous and can eat meat at any time.
Your flesh is cold resistant. (rC+)
You are immune to negative energy. (rN+++)
You regenerate slowly when monsters are visible.
You are immune to unholy pain and torment.
You can survive without breathing.


Message History

You block the orc warrior's attack.
This raw flesh tastes great!
Eat a chunk of flesh? (ye/n/q)
You start eating the chunk of flesh.
You block the orc warrior's attack.
The orc priest invokes the aid of Beogh against you.
Beogh smites you!
This raw flesh tastes great!
You hit the orc warrior but do no damage.
The orc warrior is heavily wounded.
The orc warrior hits you with a mace!
You closely miss the orc warrior.
The orc warrior is heavily wounded.
You block the orc warrior's attack.
You hit the orc warrior.
The orc warrior is heavily wounded.
The orc warrior hits you with a mace!
* * * LOW HITPOINT WARNING * * *
The orc priest invokes the aid of Beogh against you.
Beogh smites you!
You die...

##### ...# ###.####
#......# ##########
#.#.##.# #........#
#.##.#.##.#####.##.#....
#.......#..........#.#..
##.#.##@#######.####.#..
#. #o# #......#.. # #o#
##........ #o#
.....##.##. #o#
.....##..[. .o.
.....#####. ##. ... .#
#. . ... #. #.


You could see an orc warrior, an orc priest, an orc wizard and 2 orcs.

Vanquished Creatures
  The ghost of fatfloppyjuicyveiny the Slicer, a novice KoBe of Trog (D:5)
  Menkaure (D:6)
  A water moccasin (D:6)
  Duvessa (D:4)
  An ice beast (D:5)
  A black bear (D:7)
  A centaur (D:6)
  Blork the orc (D:6)
  Dowan (D:4)
  A scorpion (D:6)
  A howler monkey (D:5)
  A centaur zombie (D:5)
  3 iguanas
  An orc priest (D:6)
  2 hounds
  4 orc wizards
  4 worker ants
  2 hound skeletons (D:4)
  A worker ant zombie (D:5)
  9 adders
  A shadow imp (D:7)
  5 worms
  2 dart slugs
  6 leopard geckos
  20 orcs
  A ball python (D:5)
  2 giant cockroaches
  6 goblins (D:1)
  7 hobgoblins
  11 jackals
  2 quokkas
  3 bats
  3 frilled lizards
  3 kobolds
  A leopard gecko skeleton (D:4)
  11 rats
122 creatures vanquished.

Vanquished Creatures (others)
  A wizard (D:5)
  A crimson imp (D:6)
2 creatures vanquished.

Grand Total: 124 creatures vanquished

Notes
Turn   | Place    | Note
-------+----------+-------------------------------------------
     0 | Abyss:1  | Gargoyl the Ghoul Abyssal Knight began the quest for the Orb.
     0 | Abyss:1  | Reached XP level 1. HP: 19/19 MP: 1/1
   123 | Abyss:2  | Noticed a large abomination
   154 | Abyss:2  | Noticed a raiju
   171 | Abyss:4  | Found a corrupted altar of Lugonu.
   190 | Abyss:4  | Found a roughly hewn altar of Beogh.
   191 | Abyss:4  | Noticed an ancient zyme
   206 | Abyss:4  | Noticed a ynoxinul
   207 | D:1      | Escaped the Abyss
   430 | D:1      | Reached XP level 2. HP: 20/26 MP: 2/2
   667 | D:1      | Reached * piety under Lugonu
   744 | D:1      | Reached XP level 3. HP: 31/31 MP: 3/3
  1558 | D:2      | Reached XP level 4. HP: 38/38 MP: 4/4
  2104 | D:4      | Found a radiant altar of Vehumet.
  2334 | D:4      | Noticed Duvessa
  2334 | D:4      | Noticed Dowan
  2560 | D:3      | Reached skill level 1 in Dodging
  2560 | D:3      | Reached XP level 5. HP: 38/44 MP: 5/5
  2742 | D:2      | Reached ** piety under Lugonu
  3197 | D:4      | Reached XP level 6. HP: 49/52 MP: 7/7
  3296 | D:4      | Killed Duvessa
  3296 | D:4      | Killed Dowan
  3507 | D:5      | Entered Level 5 of the Dungeon
  3533 | D:5      | Reached XP level 7. HP: 55/60 MP: 8/8
  3541 | D:5      | Noticed fatfloppyjuicyveiny's ghost (novice KoBe)
  3969 | D:6      | Noticed Menkaure
  3985 | D:6      | Killed Menkaure
  4513 | D:5      | Killed fatfloppyjuicyveiny's ghost
  4513 | D:5      | Reached skill level 5 in Fighting
  4513 | D:5      | Reached skill level 5 in Axes
  4513 | D:5      | Reached skill level 5 in Armour
  4513 | D:5      | Reached XP level 8. HP: 37/67 MP: 8/10
  4854 | D:5      | Found a bloodstained altar of Trog.
  4855 | D:5      | Noticed a wizard
  4861 | D:5      | Killed a wizard
  4980 | D:6      | Reached *** piety under Lugonu
  5070 | D:6      | Noticed Blork the orc
  5087 | D:6      | Killed Blork the orc
  5145 | D:6      | Found a staircase to the Ecumenical Temple.
  5178 | D:6      | Reached skill level 1 in Shields
  5183 | D:6      | Found a snail-covered altar of Cheibriados.
  5254 | D:6      | Found Syqisats's Antique Weapon Shop.
  5297 | D:6      | Reached XP level 9. HP: 59/74 MP: 11/11
  5588 | D:7      | Reached skill level 5 in Invocations
  5695 | D:7      | Killed from afar by an orc priest

Skill      XL: |  1  2  3  4  5  6  7  8  9 |
---------------+----------------------------+-----
Axes           | 2 3 4 5 6 |  6.3
Armour         | 2 3 5 6 |  6.1
Dodging        | 1 |  1.3
Fighting       | 4 5 |  5.5
Invocations    | 3 4 5 |  5.1
Shields        | 1 2 |  2.0

Action                   |  1- 3 |  4- 6 |  7- 9 || total
-------------------------+-------+-------+-------++-------
Melee: Hand axe          |   143 |    17 |       ||   160
       War axe           |       |   189 |   306 ||   495
Invok: Depart the Abyss  |     1 |       |       ||     1
       Banish            |       |       |     1 ||     1
  Use: Scroll            |     6 |     2 |     9 ||    17
       Potion            |     7 |       |     5 ||    12
  Eat: Chunk             |    17 |    15 |    20 ||    52
       Meat ration       |       |     1 |       ||     1
Armor: Scale mail        |    56 |    78 |       ||   134
       Plate armour      |       |    87 |   260 ||   347
Dodge: Dodged            |    56 |   108 |    52 ||   216
Block: Other             |    17 |    42 |    38 ||    97
       Reflection        |       |     3 |     8 ||    11
       Large shield      |       |       |    92 ||    92
